[Event "*** Titled Tuesday Blitz"]
[Site "Chess.com"]
[Date "2021.04.27"]
[Round "7"]
[White "CraiggoryC"]
[Black "TokChess"]
[Result "1-0"]
[WhiteElo "2238"]
[BlackElo "2389"]
[TimeControl "180+1"]
[EndTime "11:15:35 PDT"]
[Termination "CraiggoryC won by resignation"]

1. e4 Nf6 2. e5 Nd5 3. c4 Nb6 4. d4 d6 5. exd6 exd6 6. Nc3 Be7 7. Bd3 O-O 8. Nge2 Bg4 9. h3 Bxe2 10. Qxe2 Re8 11. O-O Bf6 12. Qg4 Nc6 13. Be3 Nb4 14. Bb1 Nxc4 15. d5 Nxe3 16. fxe3 a5 17. Qf5 Rxe3 18.
Qxh7+ Kf8 19. Ne4 Rxe4 20. Bxe4 Ke7 21. Rae1 Qh8 22. Bg6+ Kd7 23. Bf5+ 1-0

[Event "*** Titled Tuesday Blitz"]
[Site "Chess.com"]
[Date "2021.04.27"]
[Round "7"]
[White "Legendinunknown"]
[Black "rasmussvane"]
[Result "0-1"]
[WhiteElo "2605"]
[BlackElo "2899"]
[TimeControl "180+1"]
[EndTime "11:15:36 PDT"]
[Termination "rasmussvane won by resignation"]

1. d4 d5 2. c4 e6 3. Nc3 a6 4. cxd5 exd5 5. Nf3 Nf6 6. Bg5 Be6 7. e3 Nbd7 8. Bd3 Bd6 9. O-O c6 10. Qc2 Qc7 11.
Rae1 O-O 12. Ne2 Rfe8 13. Bf4 Bg4 14. Bxd6 Qxd6 15. Ng3 Bxf3 16. gxf3 g6 17. Kh1 Rac8 18. Rg1 c5 19. Qd2 Kh8 20. f4 cxd4 21. exd4 Qb6 22. Bb1 Rxe1 23. Rxe1 Re8 24. Rxe8+ Nxe8 25. f5 Nef6 26.
fxg6 hxg6 27. a3 Kg8 28. Ba2 Nf8 29. f3 Ne6 30. Ne2 Kg7 31. Kg2 Qd6 32. Qe3 Qb6 33.
Qd2 Qc7 34. Bb3 Nh5 35. Qe3 Kf6 36. Kg1 Nhf4 37. Ng3 Ke7 38. Nf5+ gxf5 0-1

[Event "*** Titled Tuesday Blitz"]
[Site "Chess.com"]
[Date "2021.04.27"]
[Round "7"]
[White "GoValya"]
[Black "dodorox"]
[Result "1-0"]
[WhiteElo "2260"]
[BlackElo "2119"]
[TimeControl "180+1"]
[EndTime "11:15:36 PDT"]
[Termination "GoValya won on time"]

1. d4 Nf6 2. g3 d5 3. Bg2 e6 4. c4 dxc4 5. Nf3 c5 6. O-O Nc6 7. e3 cxd4 8. exd4 Be7 9. Qa4 O-O 10. Qxc4 Bd7 11. Nc3 Rc8 12. Qe2 Nb4 13. Ne5 Nbd5 14.
Bd2 a6 15. Rfe1 Nxc3 16. bxc3 Bb5 17. c4 Ba4 18. Be3 Qc7 19. Rec1 Rfd8 20. Rab1 Bc6 21. Bxc6 bxc6 22. Qf3 Bd6 23. Bf4 Nd7 24. Nxf7 Bxf4 25. Nxd8 Bxc1 26. Qf7+ 1-0

[Event "*** Titled Tuesday Blitz"]
[Site "Chess.com"]
[Date "2021.04.27"]
[Round "7"]
[White "c_r_e_e_p_e_r"]
[Black "Pelopidass"]
[Result "1-0"]
[WhiteElo "2407"]
[BlackElo "2538"]
[TimeControl "180+1"]
[EndTime "11:15:37 PDT"]
[Termination "c_r_e_e_p_e_r won by resignation"]

1. d4 Nf6 2. c4 e6 3. Nc3 Bb4 4. e3 c5 5. Bd2 b6 6. Nf3 Bb7 7. Bd3 O-O 8. O-O d6 9. a3 Bxc3 10. Bxc3 Ne4 11. Be1 f5 12. Nd2 Nd7 13. f3 Ng5 14. Bg3 e5 15. f4 Ne4 16. Bxe4 fxe4 17. fxe5 cxd4 18. exd4 e3 19. Nf3 dxe5 20. Nxe5 Nxe5 21.
Bxe5 Qg5 22. Qe2 Rf2 23. Rxf2 exf2+ 24. Qxf2 Rf8 25. Qg3 Qh6 26. d5 b5 27. b3 Rf7 28.
Re1 Qd2 29. Qe3 Qc2 30. Rc1 Qa2 31. Bd6 g6 32. Qe8+ Kg7 33. Be5+ Kh6 34. Qxf7 Qd2 35. Bf4+ 1-0

[Event "*** Titled Tuesday Blitz"]
[Site "Chess.com"]
[Date "2021.04.27"]
[Round "7"]
[White "kakorrhaphiophobie"]
[Black "Jospem"]
[Result "0-1"]
[WhiteElo "2304"]
[BlackElo "2996"]
[TimeControl "180+1"]
[EndTime "11:15:39 PDT"]
[Termination "Jospem won by resignation"]

1. d4 Nf6 2. c4 e6 3. Nf3 Bb4+ 4. Bd2 Qe7 5. e3 O-O 6. Bd3 Bxd2+ 7. Nbxd2 d6 8. e4 e5 9. O-O a5 10. h3 Nc6 11. d5 Nb4 12. Bb1 Na6 13. Ne1 c6 14. Nd3 cxd5 15. cxd5 Bd7 16. Bc2 b5 17. a3 Rfc8 18.
Rc1 Qd8 19. Qe2 Qb6 20. Bb3 a4 21. Ba2 Nc5 22. Nb4 Rc7 23. Rc3 Rac8 24. Rfc1 h6 25.
Kh2 Re8 26. g4 Rcc8 27. f3 Nh7 28. Nf1 Nf8 29. Ne3 Ng6 30. Ng2 Qd8 31. Kg3 h5 32. h4 hxg4 33. fxg4 Nf4 34. Qf3 g5 35. h5 Qf6 36. Ne3 Rc7 37. Nf5 Rec8 38. Bb1 Kh8 39. Kh2 Bxf5 40. exf5 e4 41. Bxe4 Re8 42. Re3 Rce7 43.
Rxc5 dxc5 44. Nc6 Qxb2+ 45. Kg3 Qc1 46. Qf2 Rxe4 47. Rxe4 Rxe4 48. d6 Re3+ 0-1

[Event "*** Titled Tuesday Blitz"]
[Site "Chess.com"]
[Date "2021.04.27"]
[Round "7"]
[White "fabianvivasz"]
[Black "PawnEatingZombie"]
[Result "0-1"]
[WhiteElo "2357"]
[BlackElo "2262"]
[TimeControl "180+1"]
[EndTime "11:15:41 PDT"]
[Termination "PawnEatingZombie won by resignation"]

1. c4 e6 2. g3 d5 3. Bg2 dxc4 4. Nf3 a6 5. a4 Nc6 6. Na3 Bxa3 7. bxa3 e5 8. Qc2 Be6 9. Rb1 Rb8 10. O-O f6 11.
Rd1 Nge7 12. d3 cxd3 13. Rxd3 Qc8 14. Rc3 O-O 15. Rc5 Kh8 16. Qc3 Qd7 17. Bb2 b6 18.
Nxe5 Nxe5 19. Rxc7 Qd6 20. f4 Nf7 21. e4 Rbc8 22. Rxc8 Rxc8 23. Qf3 Qc5+ 24. Kh1 Qc2 25. Qf1 Bc4 26. Qg1 Bd3 27. Rc1 Qxb2 28. Rxc8+ Nxc8 0-1

[Event "*** Titled Tuesday Blitz"]
[Site "Chess.com"]
[Date "2021.04.27"]
[Round "7"]
[White "WildBizon"]
[Black "NiranjanNavalgund"]
[Result "1-0"]
[WhiteElo "2671"]
[BlackElo "2480"]
[TimeControl "180+1"]
[EndTime "11:15:43 PDT"]
[Termination "WildBizon won by resignation"]

1. e4 e5 2. Nf3 Nc6 3. Bc4 Bc5 4. c3 Nf6 5. d4 exd4 6. cxd4 Bb4+ 7. Bd2 Nxe4 8. Bxb4 Nxb4 9. Bxf7+ Kxf7 10. Qb3+ d5 11. Ne5+ Ke6 12. Qxb4 Qf8 13. Qxf8 Rxf8 14. f3 c5 15.
fxe4 cxd4 16. Nf3 dxe4 17. Nxd4+ Ke5 18. Ne2 Bg4 19. Nbc3 Rad8 20. h3 Bh5 21. Rd1 e3 22. g4 Rxd1+ 23. Nxd1 Bg6 24. Nxe3 Ke4 25. Nd1 Kd3 26.
Rg1 Kc2 27. Rg3 Re8 28. Rc3+ Kb1 29. a3 Bc2 30. Rc7 Bd3 31. Nc3+ Kxb2 32. Rxb7+ Kxa3 33. Rxa7+ Kb3 34. Rxg7 Kc2 35. h4 Re3 36. h5 Rh3 37. Rc7 Rh4 38. Ne4+ Kb2 39. Nf2 Bc2 40. Kf1 Bf5 41.
Nd1+ Ka3 42. gxf5 Rxh5 43. Ne3 Kb4 44. Kf2 Rh1 45. Ng3 Rh4 46. Kf3 h5 47. f6 1-0

[Event "*** Titled Tuesday Blitz"]
[Site "Chess.com"]
[Date "2021.04.27"]
[Round "7"]
[White "Nozdrachev_Vladislav"]
[Black "Gerodot71"]
[Result "1-0"]
[WhiteElo "2715"]
[BlackElo "2571"]
[TimeControl "180+1"]
[EndTime "11:15:44 PDT"]
[Termination "Nozdrachev_Vladislav won by resignation"]

1. e4 e5 2. Nf3 Nc6 3. Bc4 Bc5 4. d3 Nf6 5. O-O d6 6. c3 a6 7. a4 Ba7 8. Nbd2 h6 9. Re1 O-O 10. Nf1 Be6 11. Be3 Bxc4 12. dxc4 Bxe3 13. Rxe3 Nd7 14.
Ng3 g6 15. a5 Nc5 16. b4 Ne6 17. Rd3 Qf6 18. Rd2 Kg7 19. Nf1 Ne7 20. Ne3 h5 21. g3 Rh8 22. h4 Nc6 23. c5 dxc5 24. Nd5 Qd8 25. Nb6 Qxd2 26. Qxd2 cxb6 27. bxc5 bxa5 28. Qb2 Rab8 29. c4 f6 30. Rd1 Rhd8 31. Rd5 a4 32. Qa1 Nc7 33. Qxa4 Nxd5 34. cxd5 Ne7 35. Qb4 Kf7 36. Nd2 Rbc8 37. Nc4 Rc7 38. d6 1-0

[Event "*** Titled Tuesday Blitz"]
[Site "Chess.com"]
[Date "2021.04.27"]
[Round "7"]
[White "Chernov_Alexander_A"]
[Black "Das_Virus_2020"]
[Result "0-1"]
[WhiteElo "2334"]
[BlackElo "2510"]
[TimeControl "180+1"]
[EndTime "11:15:45 PDT"]
[Termination "Das_Virus_2020 won by resignation"]

1. Nf3 Nf6 2. g3 g6 3. Bg2 Bg7 4. O-O O-O 5. d4 d5 6. c4 c6 7. cxd5 cxd5 8. Nc3 Ne4 9. Nxe4 dxe4 10. Ng5 Qxd4 11. Nxe4 Nc6 12. e3 Qxd1 13. Rxd1 Bg4 14. f3 Bf5 15. Nc5 b6 16. Na4 Bc2 17. Rd7 Bxa4 18. Bd2 Rad8 19. Rxd8 Rxd8 20. Bc3 Bxc3 21. bxc3 Rd2 22. f4 Na5 23. Ba8 Bc6 24. Bxc6 Nxc6 25.
g4 Kf8 26. h4 Ke8 27. h5 f5 28. hxg6 hxg6 29. gxf5 gxf5 30. a4 Kd7 31. Rb1 Kd6 32. Rb5 e6 33. c4 Ra2 34. c5+ bxc5 35. Rb7 Rxa4 36. Kf2 a5 37. Kg3 Re4 38. Kf3 Rb4 39.
Rh7 a4 40. Rh1 a3 41. Ra1 Ra4 42. e4 fxe4+ 43. Ke3 a2 44. f5 exf5 45. Kf4 Nd4 0-1

[Event "*** Titled Tuesday Blitz"]
[Site "Chess.com"]
[Date "2021.04.27"]
[Round "7"]
[White "chessprincesa1"]
[Black "Sueetin"]
[Result "0-1"]
[WhiteElo "2324"]
[BlackElo "2509"]
[TimeControl "180+1"]
[EndTime "11:15:45 PDT"]
[Termination "Sueetin won by checkmate"]

1. d4 d5 2. c4 dxc4 3. e4 e5 4.
Nf3 Bb4+ 5. Nbd2 exd4 6. Bxc4 Nh6 7. O-O O-O 8. Nb3 c5 9. Bxh6 gxh6 10. a3 Ba5 11. Nxa5 Qxa5 12. Nh4 Qb6 13. f4 Kh8 14. f5 Qf6 15. Qe1 Nc6 16. Nf3 Ne5 17. Nxe5 Qxe5 18. f6 Be6 19. Bxe6 Qxe6 20. Qh4 Rg8 21. Rae1 Rg6 22. e5 Rag8 23. g3 Rd8 24. Qe4 b6 25. Rd1 Rdg8 26. Kg2 Rg5 27. Rfe1 h5 28. b4 Rg4 29.
Qb7 h4 30. Qe7 Qa2+ 31. Kh1 hxg3 32. hxg3 Rh4+ 33. Kg1 Rxg3+ 34. Kf1 Rf4# 0-1

[Event "*** Titled Tuesday Blitz"]
[Site "Chess.com"]
[Date "2021.04.27"]
[Round "7"]
[White "DonBroca"]
[Black "Homino"]
[Result "1-0"]
[WhiteElo "2228"]
[BlackElo "2308"]
[TimeControl "180+1"]
[EndTime "11:15:46 PDT"]
[Termination "DonBroca won by resignation"]

1. e4 c5 2. Nf3 Nc6 3. d4 cxd4 4. Nxd4 g6 5. c4 Nf6 6. Nc3 d6 7. Be2 Nxd4 8. Qxd4 Bg7 9. Be3 O-O 10. Qd2 Be6 11.
b3 a5 12. Rc1 a4 13. e5 dxe5 14. Qxd8 Rfxd8 15. Nxa4 Bd7 16. Nc3 Bc6 17. O-O Ne4 18. Nxe4 Bxe4 19. Rfd1 f5 20. f3 Bc6 21. a4 e4 22. Kf2 Kf7 23. c5 Rxd1 24. Rxd1 exf3 25. Bxf3 Bxf3 26. Kxf3 Ke8 27. Ke2 e5 28. Rd6 Rd8 29.
Rxd8+ Kxd8 30. b4 Kd7 31. b5 Ke6 32. a5 f4 33. a6 bxa6 34. bxa6 fxe3 35. a7 Kd5 36.
a8=Q+ Kxc5 37. Qa7+ Kd5 38. Qxg7 1-0

[Event "*** Titled Tuesday Blitz"]
[Site "Chess.com"]
[Date "2021.04.27"]
[Round "7"]
[White "A-Fier"]
[Black "Marty435"]
[Result "1-0"]
[WhiteElo "2826"]
[BlackElo "2603"]
[TimeControl "180+1"]
[EndTime "11:15:47 PDT"]
[Termination "A-Fier won on time"]

1. d4 c6 2. e4 d5 3. f3 dxe4 4. fxe4 e5 5. Nf3 Bg4 6. Bc4 Nd7 7. c3 Bd6 8. O-O Ngf6 9. Be3 O-O 10.
Nbd2 Qe7 11. h3 Bh5 12. Qb3 b5 13. Bd3 a6 14. Nh4 Bg6 15. Nxg6 hxg6 16. Nf3 exd4 17. cxd4 Nxe4 18. Rae1 Ndf6 19. Bg5 Nxg5 20. Rxe7 Nxf3+ 21. Rxf3 Bxe7 22. Bxg6 Rad8 23. Bb1 Rxd4 24. Rf1 c5 25.
Qe3 Bd8 26. Qg5 Re8 27. Qxc5 Rd2 28. b3 Ree2 29. Qc6 g6 30. Qf3 Kg7 31. Bd3 Bb6+ 32. Kh1 Rf2 33. Rxf2 Rxf2 34. Qb7 Bd4 35. g4 Rd2 36.
Bf1 Rd1 37. Kg2 Rd2+ 38. Kg3 Rxa2 39. h4 Rd2 40. g5 Nh5+ 41. Kf3 Rf2+ 42. Ke4 Rxf1 43.
Kxd4 Rf4+ 44. Kc5 Rxh4 45. Qxa6 b4 46. Qa1+ Kh7 47. Kd6 Rg4 48. Ke7 Rxg5 49. Kf8 1-0

[Event "*** Titled Tuesday Blitz"]
[Site "Chess.com"]
[Date "2021.04.27"]
[Round "7"]
[White "Konavets"]
[Black "mishanick"]
[Result "1-0"]
[WhiteElo "2959"]
[BlackElo "3010"]
[TimeControl "180+1"]
[EndTime "11:15:48 PDT"]
[Termination "Konavets won by resignation"]

1. e4 c5 2. Nf3 d6 3. d4 cxd4 4. Nxd4 Nf6 5. Nc3 a6 6. Nb3 Nbd7 7. g4 b5 8. g5 b4 9. Nd5 Nxd5 10. exd5 g6 11. Qd4 Ne5 12. Be2 Bg7 13. Qxb4 O-O 14.
f4 Nd7 15. Qa5 Qe8 16. c3 Bb7 17. Bf3 e5 18. O-O exf4 19. Qc7 Ra7 20. Bxf4 Ne5 21. Bg2 Qa8 22. Be3 Rc8 23. Qb6 Bxd5 24. Bxd5 Qxd5 25. Qxa7 Nf3+ 26. Rxf3 Qxf3 27. Nd2 Qg4+ 28. Kh1 Be5 29. Qb7 Re8 30. Qf3 Qh4 31. Qf2 Qh3 32. Bd4 Bxd4 33. cxd4 Qd3 34. Rf1 Re7 35. Qf6 Rc7 36. Qd8+ Kg7 37.
Qxc7 1-0

[Event "*** Titled Tuesday Blitz"]
[Site "Chess.com"]
[Date "2021.04.27"]
[Round "7"]
[White "KIEV-1"]
[Black "rynos0411"]
[Result "1-0"]
[WhiteElo "2250"]
[BlackElo "2475"]
[TimeControl "180+1"]
[EndTime "11:15:48 PDT"]
[Termination "KIEV-1 won by resignation"]

1. e4 c6 2. d4 d5 3. Nc3 dxe4 4. Nxe4 Nf6 5. Nxf6+ exf6 6. c3 Bd6 7. Be3 O-O 8.
Bd3 Re8 9. Ne2 Nd7 10. Qc2 h5 11. O-O-O Nf8 12. Ng3 g6 13. Ne4 Be7 14. h3 Be6 15. b3 a5 16. g4 h4 17. f4 a4 18.
b4 f5 19. Nf2 Bd5 20. Rhg1 Bxb4 21. cxb4 Rxe3 22. gxf5 Qd6 23. fxg6 fxg6 24. Bxg6 Nxg6 25. Rxg6+ Qxg6 26. Qxg6+ Kf8 27. Qf6+ Bf7 28. Ng4 Re6 29. Qh8+ Bg8 30. Ne5 Rd8 31. Rg1 1-0

[Event "*** Titled Tuesday Blitz"]
[Site "Chess.com"]
[Date "2021.04.27"]
[Round "7"]
[White "picturesquecheck"]
[Black "masteryoungK"]
[Result "1-0"]
[WhiteElo "2303"]
[BlackElo "2413"]
[TimeControl "180+1"]
[EndTime "11:15:48 PDT"]
[Termination "picturesquecheck won on time"]

1. e4 c5 2. Nf3 d6 3. d4 cxd4 4. Nxd4 Nf6 5. Nc3 Nc6 6. Bg5 e6 7. Qd2 a6 8. O-O-O Bd7 9. f4 b5 10. Bxf6 gxf6 11. Kb1 Qb6 12. Nce2 Na5 13. b3 Rc8 14. g4 Bg7 15. h4 f5 16. gxf5 Nc4 17. bxc4 bxc4+ 18. Ka1 c3 19. Nxc3 Qb4 20. Nce2 Qa4 21.
c3 exf5 22. exf5 Kd8 23. Bg2 Re8 24. Rhe1 Qa5 25. Qb2 Re3 26. Rc1 Kc7 27. Nb3 Qb6 28. Ned4 Rg3 29. Bd5 Kb8 30. Bxf7 Ka7 31. Be6 Qc7 32. Qf2 Ka8 33. Qxg3 1-0

[Event "*** Titled Tuesday Blitz"]
[Site "Chess.com"]
[Date "2021.04.27"]
[Round "7"]
[White "gisela_roque"]
[Black "KaspMagAlpha"]
[Result "0-1"]
[WhiteElo "1874"]
[BlackElo "2228"]
[TimeControl "180+1"]
[EndTime "11:15:49 PDT"]
[Termination "KaspMagAlpha won by resignation"]

1. c4 c5 2. Nc3 Nc6 3. Nf3 g6 4. g3 Bg7 5. Bg2 e6 6. d3 h6 7. a3 Nge7 8. O-O O-O 9. Bf4 d5 10. cxd5 Nxd5 11. Nxd5 exd5 12. Qc1 b6 13. Bxh6 Na5 14. Bxg7 Kxg7 15. b4 Nb7 16. bxc5 Nxc5 17. Qc3+ Kg8 18. Nd4 Re8 19. Rfe1 Bb7 20. a4 Rc8 21.
Qb2 Ba8 22. a5 bxa5 23. Qd2 a4 24. Rec1 Qf6 25. e3 Bb7 26. Rab1 Ba6 27. Qa5 Bxd3 28.
Ra1 Nb3 29. Nxb3 axb3 30. Qd2 b2 0-1

[Event "*** Titled Tuesday Blitz"]
[Site "Chess.com"]
[Date "2021.04.27"]
[Round "7"]
[White "aljado"]
[Black "politeplayer"]
[Result "0-1"]
[WhiteElo "2039"]
[BlackElo "2240"]
[TimeControl "180+1"]
[EndTime "11:15:51 PDT"]
[Termination "politeplayer won by resignation"]

1. e4 e6 2. d4 d5 3. e5 c5 4.
c3 Qb6 5. Nf3 Bd7 6. Bd3 Nc6 7. O-O cxd4 8. cxd4 Nxd4 9. Nxd4 Qxd4 10. Nc3 a6 11. Be3 Qxe5 12. Re1 Qd6 13. Qf3 Be7 14.
Bf4 Qb6 15. Be5 Nf6 16. Bxf6 gxf6 17. Rac1 Qxb2 18. Qg3 Rc8 19. Qg7 Rf8 20. Rc2 Qb4 21. Rec1 d4 22. Ne4 Rxc2 23. Rxc2 Qe1+ 24. Bf1 Qxe4 0-1

[Event "*** Titled Tuesday Blitz"]
[Site "Chess.com"]
[Date "2021.04.27"]
[Round "7"]
[White "Twitch_ElhamBlitz05"]
[Black "Zhigalko_Sergei"]
[Result "0-1"]
[WhiteElo "2847"]
[BlackElo "2946"]
[TimeControl "180+1"]
[EndTime "11:15:52 PDT"]
[Termination "Zhigalko_Sergei won by resignation"]

1. e4 c5 2. Nf3 Nc6 3. b4 Nxb4 4. c3 Nc6 5. d4 d5 6. exd5 Qxd5 7.
Be2 cxd4 8. O-O Nf6 9. cxd4 e6 10. Nc3 Qd8 11. Bb5 Be7 12. Ne5 Bd7 13. Rb1 O-O 14. Bg5 Rc8 15. Na4 Nxe5 16. dxe5 Nd5 17. Bxd7 Qxd7 18.
Bxe7 Qxe7 19. Qb3 b6 20. h3 Qg5 21. Rfe1 h6 22. Rbd1 Rc7 23. Rd3 Rc1 24. Rxc1 Qxc1+ 25. Rd1 Qg5 26. Re1 Rc8 27. Kh2 Qf4+ 28. Kg1 Rc1 29.
Rxc1 Qxc1+ 30. Kh2 Qf4+ 31. Qg3 Qxa4 0-1

[Event "*** Titled Tuesday Blitz"]
[Site "Chess.com"]
[Date "2021.04.27"]
[Round "7"]
[White "elohunter1999"]
[Black "Kapibara_Warri0r"]
[Result "1-0"]
[WhiteElo "2490"]
[BlackElo "2229"]
[TimeControl "180+1"]
[EndTime "11:15:53 PDT"]
[Termination "elohunter1999 won by resignation"]

1. d4 Nf6 2. c4 e6 3. Nf3 Bb4+ 4. Bd2 Bxd2+ 5. Qxd2 O-O 6. Nc3 d5 7. g3 dxc4 8. Bg2 c6 9. O-O a6 10. a4 Bd7 11. a5 b5 12. axb6 Qxb6 13. Ne5 Ra7 14. Nxc4 Qb4 15. Ra4 Qb3 16. Rfa1 c5 17. dxc5 Bxa4 18. Rxa4 Rd7 19. Qc1 Rfd8 20. Nd6 Nd5 21.
Nxd5 exd5 22. Rg4 Nc6 23. Qg5 g6 24. Qf6 Qd1+ 25. Bf1 h5 26. Nf5 Qd4 27. Rxd4 gxf5 28.
Rh4 1-0

[Event "*** Titled Tuesday Blitz"]
[Site "Chess.com"]
[Date "2021.04.27"]
[Round "7"]
[White "Abdimalik_Abdisalimov"]
[Black "Grineva_Marianna"]
[Result "0-1"]
[WhiteElo "2318"]
[BlackElo "2245"]
[TimeControl "180+1"]
[EndTime "11:15:53 PDT"]
[Termination "Grineva_Marianna won by checkmate"]

1. d4 d6 2. c4 Nd7 3. g3 c6 4.
Bg2 e5 5. e3 Ngf6 6. Ne2 Qc7 7.
O-O Be7 8. Nbc3 O-O 9. b3 Re8 10. Bb2 Nf8 11. f4 Bg4 12. Qd2 Rad8 13. h3 Bc8 14. f5 exd4 15. exd4 d5 16. cxd5 Nxd5 17. Nxd5 cxd5 18. g4 b6 19. Rac1 Qd6 20. Nc3 Ba6 21. Rfe1 h6 22. Nxd5 Bg5 23. Ne3 Qg3 24. Rc3 Bf4 25.
Bc1 Qh2+ 26. Kf2 Bg3+ 27. Kf3 Bxe1 28. Qxe1 Rxd4 29. Rc7 Qxc7 30. Kf2 Qh2 31. Bb2 Rf4# 0-1

[Event "*** Titled Tuesday Blitz"]
[Site "Chess.com"]
[Date "2021.04.27"]
[Round "7"]
[White "sm_sharon"]
[Black "akanga001"]
[Result "1-0"]
[WhiteElo "2146"]
[BlackElo "1980"]
[TimeControl "180+1"]
[EndTime "11:15:53 PDT"]
[Termination "sm_sharon won on time"]

1. e4 c6 2. Nc3 d5 3. Nf3 dxe4 4. Nxe4 Bg4 5. h3 Bh5 6. Bc4 e6 7. Ng3 Bg6 8. O-O Nf6 9. Ne5 Nbd7 10. d4 Nxe5 11.
dxe5 Qxd1 12. Rxd1 Nd7 13. Re1 Bxc2 14. f4 O-O-O 15.
Be3 Bc5 16. Kf2 Bxe3+ 17. Kxe3 Nc5 18. Rac1 Bd3 19. b4 Bxc4 20. Rxc4 Nd3 21. Re2 Rd5 22.
Ne4 Rhd8 23. Nd6+ Kc7 24. Rd2 Nxe5 25. fxe5 Rxe5+ 26. Re4 1-0

[Event "*** Titled Tuesday Blitz"]
[Site "Chess.com"]
[Date "2021.04.27"]
[Round "7"]
[White "szefru"]
[Black "UKR_Master"]
[Result "0-1"]
[WhiteElo "2185"]
[BlackElo "2475"]
[TimeControl "180+1"]
[EndTime "11:15:57 PDT"]
[Termination "UKR_Master won by checkmate"]

1. e4 c6 2. d4 d5 3. Nc3 dxe4 4. Nxe4 Nf6 5. Nxf6+ exf6 6. Be3 Bd6 7. Qd2 Na6 8. Bxa6 bxa6 9. Nf3 Rb8 10. b3 Bf5 11. O-O O-O 12. h3 a5 13. c4 a4 14. c5 Bc7 15. b4 a5 16. a3 Qd5 17.
Ne1 Qb3 18. Bf4 Bxf4 19. Qxf4 Be6 20. bxa5 Bd5 21. Nf3 Qb5 22. Nh4 Qxa5 23. Nf5 Rfe8 24. Qg4 g6 25. Nd6 Re6 26. Rfb1 Rb3 27. Qf4 Qc3 28. Nb7 Rxb7 29. Rxb7 Qxa1+ 30. Kh2 Kg7 31. Qc7 Re1 32. Rb8 Rh1+ 33. Kg3 Qc3+ 34. f3 Qe1+ 35. Kg4 h5+ 36. Kf4 g5+ 37. Kf5 Qe6# 0-1

[Event "*** Titled Tuesday Blitz"]
[Site "Chess.com"]
[Date "2021.04.27"]
[Round "7"]
[White "Nikolakis2014"]
[Black "Kaua18"]
[Result "1-0"]
[WhiteElo "2632"]
[BlackElo "2378"]
[TimeControl "180+1"]
[EndTime "11:15:58 PDT"]
[Termination "Nikolakis2014 won by checkmate"]

1. e4 c5 2. Nf3 Nc6 3. Bb5 e6 4. b3 Nge7 5. Bb2 a6 6. Bxc6 Nxc6 7. O-O d6 8. d4 cxd4 9. Nxd4 Bd7 10. c4 Qc7 11.
Nd2 Nxd4 12. Bxd4 Bc6 13. Re1 b5 14. Rc1 Qb7 15. Qg4 f6 16. Qxe6+ Be7 17. c5 Bd7 18. Qd5 Bc6 19. Qh5+ g6 20. Qh6 dxc5 21. Bxc5 Bxc5 22. Rxc5 Rd8 23. Nf1 Kf7 24. Ng3 Rd6 25. h4 Re6 26. h5 f5 27. Rec1 fxe4 28. Qf4+ Rf6 29. Qxf6+ Kxf6 30. Rxc6+ Kg5 31. R1c5+ Kh6 32. hxg6 hxg6 33.
Nf5+ Kg5 34. Ne3+ Kf4 35. Rf6# 1-0

[Event "*** Titled Tuesday Blitz"]
[Site "Chess.com"]
[Date "2021.04.27"]
[Round "7"]
[White "annacramling"]
[Black "chessmadara"]
[Result "1-0"]
[WhiteElo "2079"]
[BlackElo "2126"]
[TimeControl "180+1"]
[EndTime "11:15:59 PDT"]
[Termination "annacramling won on time"]

1. d4 Nf6 2. c4 g6 3. Nc3 d5 4. cxd5 Nxd5 5. e4 Nxc3 6. bxc3 Bg7 7. Qa4+ Bd7 8. Qa3 O-O 9. Bg5 Re8 10. Nf3 h6 11. Bh4 Bg4 12. Be2 Nd7 13. Rd1 c5 14. O-O cxd4 15. cxd4 Nf6 16. h3 Bxf3 17. Bxf3 Nd7 18.
e5 Nb6 19. Bxb7 Rb8 20. Bc6 g5 21. Bxe8 gxh4 22. Bc6 Nc4 23. Qf3 Qb6 24. Bd5 Na5 25.
Qxf7+ Kh8 26. Rb1 Qc7 27. Rxb8+ Qxb8 28. Qxe7 1-0

[Event "*** Titled Tuesday Blitz"]
[Site "Chess.com"]
[Date "2021.04.27"]
[Round "7"]
[White "tapu2"]
[Black "ChristopherYoo"]
[Result "1-0"]
[WhiteElo "2730"]
[BlackElo "2928"]
[TimeControl "180+1"]
[EndTime "11:16:01 PDT"]
[Termination "tapu2 won by resignation"]

1. e4 c5 2. Nc3 e6 3. f4 d5 4. Nf3 Nc6 5. Bb5 Ne7 6. Ne5 f6 7. Nxc6 bxc6 8. Be2 f5 9. d3 Ng6 10. O-O Be7 11. g3 O-O 12. e5 a5 13. b3 Bb7 14.
Bf3 Nh8 15. Na4 g5 16. fxg5 Nf7 17. Qe2 Ba6 18. h4 Bb5 19. Bf4 Bxa4 20. bxa4 Rb8 21. Rab1 Qc7 22. g4 Rxb1 23. Rxb1 Nh8 24. Bg3 Ng6 25. h5 f4 26. hxg6 fxg3 27. gxh7+ Kxh7 28. Qe3 Kg7 29. Kg2 d4 30. Qe4 Bxg5 31. Rh1 Rh8 32. Rxh8 Kxh8 33. Qg6 Qe7 34. Be4 Bf4 35. Kf3 Bxe5 36.
Qh5+ Kg8 37. Qxe5 1-0

[Event "*** Titled Tuesday Blitz"]
[Site "Chess.com"]
[Date "2021.04.27"]
[Round "7"]
[White "InvisibleWarrior2252"]
[Black "Novoselski"]
[Result "1-0"]
[WhiteElo "2561"]
[BlackElo "2403"]
[TimeControl "180+1"]
[EndTime "11:16:01 PDT"]
[Termination "InvisibleWarrior2252 won by resignation"]

1. e4 e5 2. Nf3 Nc6 3. Bc4 Bc5 4. c3 Qe7 5. O-O Nf6 6. d4 Bb6 7. Re1 d6 8. h3 O-O 9. a4 a6 10. Bg5 h6 11. Bh4 Nd8 12. Nbd2 c6 13. Nf1 Bc7 14. Ng3 Be6 15. Bd3 g6 16. Qd2 Kg7 17. Rf1 Rh8 18. Rae1 Kf8 19. c4 exd4 20. Nxd4 Bb6 21. Ndf5 gxf5 22.
Nxf5 Bxf5 23. exf5 Qd7 24. Bxf6 Rh7 25. Be7+ Kg8 26. f6 Ne6 27. Bxh7+ Kxh7 28. Qd3+ Kh8 29.
Re4 Rg8 30. Rh4 Rg6 31. Qf5 Qe8 32. Re1 Nd4 33. Qh5 Kh7 34. Ree4 Qg8 35. Reg4 Ne6 36. Qxh6+ Rxh6 37. Rxh6+ 1-0

[Event "*** Titled Tuesday Blitz"]
[Site "Chess.com"]
[Date "2021.04.27"]
[Round "7"]
[White "ferch1ni"]
[Black "ehrenfeld"]
[Result "0-1"]
[WhiteElo "2376"]
[BlackElo "2525"]
[TimeControl "180+1"]
[EndTime "11:16:02 PDT"]
[Termination "ehrenfeld won on time"]

1. e4 e5 2. Nf3 Nc6 3. Bb5 a6 4. Ba4 Nf6 5. O-O Be7 6. Bxc6 dxc6 7. d3 Nd7 8. Nbd2 O-O 9. Nc4 f6 10. Be3 c5 11. c3 Nb8 12. d4 cxd4 13. cxd4 exd4 14.
Nxd4 c5 15. Nf3 b5 16. Ncd2 Nc6 17. Rc1 c4 18. b3 Ba3 19. Rc3 Bb2 20. Rc2 c3 21. Bc5 Re8 22. Nb1 Qxd1 23. Rxd1 b4 24. Nd4 Nxd4 25. Rxd4 a5 26. Nd2 Bb7 27. f3 Rec8 28.
Bb6 cxd2 0-1

[Event "*** Titled Tuesday Blitz"]
[Site "Chess.com"]
[Date "2021.04.27"]
[Round "7"]
[White "BursaBBSatranc"]
[Black "MIJuanReyesRosa"]
[Result "1-0"]
[WhiteElo "2569"]
[BlackElo "2049"]
[TimeControl "180+1"]
[EndTime "11:16:05 PDT"]
[Termination "BursaBBSatranc won on time"]

1. d4 e6 2. Nf3 c5 3. c3 Qb6 4. e4 Nf6 5. Bd3 Nc6 6. Bc2 cxd4 7.
cxd4 Nb4 8. Nc3 Nxc2+ 9. Qxc2 d6 10. O-O Be7 11. Be3 Qa5 12. h3 O-O 13. a3 Bd7 14. b4 Qh5 15. Rfc1 Rac8 16. Qd3 d5 17. e5 Ne8 18. Rc2 g6 19. Rac1 Ng7 20. Ne2 Nf5 21. Nf4 Qh6 22. Nxd5 Nxe3 23. Nxe7+ Kg7 24. Rxc8 Bxc8 25. Qxe3 Qxe3 26. fxe3 Bd7 27. Rc7 Bb5 28. d5 a6 29. d6 1-0

[Event "*** Titled Tuesday Blitz"]
[Site "Chess.com"]
[Date "2021.04.27"]
[Round "7"]
[White "barbara25"]
[Black "MeekinsKris"]
[Result "0-1"]
[WhiteElo "2275"]
[BlackElo "2214"]
[TimeControl "180+1"]
[EndTime "11:16:05 PDT"]
[Termination "MeekinsKris won by resignation"]

1. e4 e5 2. Nf3 Nf6 3. d4 exd4 4. e5 Ne4 5. Qxd4 d5 6. exd6 Nxd6 7. Bd3 Nc6 8. Qe3+ Be7 9. O-O O-O 10. Rd1 Nf5 11. Qe1 Bd6 12. Nc3 Re8 13. Qf1 Nh4 14.
Nxh4 Qxh4 15. g3 Qh5 16. Be2 Bg4 17. Bxg4 Qxg4 18. Be3 Rad8 19. Qg2 Qf5 20. Rac1 Be5 21. a3 Bxc3 22. bxc3 Qa5 23. Bf4 Rxd1+ 24. Rxd1 Qxc3 25. Bxc7 Qxc2 26. Rf1 Nd4 27. Ba5 Qf5 28. Bb4 Nf3+ 29.
Kh1 Re6 30. g4 Qf4 31. Rd1 h5 32. Qg3 Qxg4 33. Qxg4 hxg4 34. Rd8+ Kh7 35. Rd7 Kg6 36. Rxb7 a6 37. Kg2 f5 38. Bc3 Ne5 39. Bxe5 Rxe5 40.
Rb6+ Kg5 41. Rxa6 f4 42. a4 Kh4 43. Ra7 Rd5 44. Rxg7 f3+ 0-1